| TOP OF THE 1ST |
|
Nashville Sounds batting - Pitching for Columbus Clippers : RHP Ben Cole
|
|
Pitching: RHP Ben Cole
|
|
|
Batting: RHB Robby Godwin
|
0-0: Ball 1-0: Ground out 4-3 (Groundball, 4M, EV 85.0 MPH)
|
|
Batting: RHB Jorge Bernal
|
0-0: Fly out, F8 (Flyball, 8LM, EV 83.1 MPH)
|
|
Batting: RHB Chris Stillions
|
0-0: Swinging Strike 0-1: Ball 1-1: SINGLE (Groundball, 56, EV 94.4 MPH)
|
|
Batting: RHB Javier Garcia
|
0-0: Called Strike Chris Stillions steals 2nd base 0-1: SINGLE (Groundball, 56D, EV 109.4 MPH) Chris Stillions to third
|
|
Batting: RHB Carlos Lopez
|
0-0: Ball 1-0: SINGLE (Line Drive, 56, EV 108.8 MPH) Chris Stillions scores Javier Garcia to second
|
|
Batting: SHB Quincy Bradford
|
0-0: Called Strike 0-1: Swinging Strike 0-2: Strikes out swinging
|
| Top of the 1st over - 1 run, 3 hits, 0 errors, 2 left on base; Nashville 1 - Columbus 0 |
| BOTTOM OF THE 1ST |
|
Columbus Clippers batting - Pitching for Nashville Sounds : RHP Reynaldo Edwards
|
|
Pitching: RHP Reynaldo Edwards
|
|
|
Batting: RHB Rafael Medina
|
0-0: Ball 1-0: Called Strike 1-1: Called Strike 1-2: Ball 2-2: Foul Ball, location: 2F 2-2: Strikes out swinging
|
|
Batting: RHB Tristan Dennis
|
0-0: Foul Ball, location: 2F 0-1: Called Strike 0-2: Ball 1-2: Ball 2-2: Ball 3-2: Base on Balls
|
|
Batting: RHB Miguel Trevino
|
0-0: Foul Ball, location: 2F 0-1: Ball 1-1: Foul Ball, location: 2F 1-2: SINGLE (Groundball, 13S, EV 70.6 MPH) (infield hit) Tristan Dennis to second
|
|
Batting: RHB Jason Savage
|
0-0: Ball 1-0: SINGLE (Groundball, 6MD, EV 104.4 MPH) Tristan Dennis to third Miguel Trevino to second
|
|
Batting: LHB Anthony Mosley
|
0-0: SINGLE (Groundball, 34D, EV 99.4 MPH) (infield hit) Tristan Dennis scores Miguel Trevino to third Jason Savage to second
|
|
Batting: LHB Doug Frampton
|
0-0: Hit by Pitch Miguel Trevino scores Jason Savage to third Anthony Mosley to second
|
|
Batting: RHB Chris Folse
|
0-0: Ball 1-0: Ball 2-0: SINGLE (Groundball, 6S, EV 69.4 MPH) (infield hit) Jason Savage scores Anthony Mosley to third Doug Frampton to second
|
|
Batting: RHB Nate Singleton
|
0-0: Ball 1-0: Swinging Strike 1-1: Foul Ball, location: 2F 1-2: Strikes out swinging
|
|
Batting: SHB Danny Simmons
|
0-0: Ball 1-0: Foul Ball, location: 2F 1-1: Swinging Strike 1-2: Ball 2-2: Foul Ball, location: 2F 2-2: Foul Ball, location: 2F 2-2: Ball 3-2: Foul Ball, location: 2F 3-2: Base on Balls Anthony Mosley scores Doug Frampton to third Chris Folse to second
|
|
Batting: RHB Rafael Medina
|
0-0: Called Strike 0-1: Ball 1-1: Foul Ball, location: 2F 1-2: Ball 2-2: Fielders Choice at 2nd, 5-4 (Groundball, 5, EV 98.8 MPH)
|
| Bottom of the 1st over - 4 runs, 4 hits, 0 errors, 3 left on base; Nashville 1 - Columbus 4 |
| TOP OF THE 2ND |
|
Nashville Sounds batting - Pitching for Columbus Clippers : RHP Ben Cole
|
|
Batting: RHB Eduardo Chavez
|
0-0: SINGLE (Flyball, 78S, EV 88.1 MPH)
|
|
Batting: SHB Josh Thorpe
|
0-0: Ball Eduardo Chavez is caught stealing 2nd base 2-6 1-0: Called Strike 1-1: Ball 2-1: Swinging Strike 2-2: Foul Ball, location: 2F 2-2: Strikes out swinging
|
|
Batting: RHB Dunlang Clark
|
0-0: Called Strike 0-1: Foul Ball, location: 2F 0-2: Ground out 5-3 (Groundball, 56, EV 79.4 MPH)
|
| Top of the 2nd over - 0 runs, 1 hit, 0 errors, 0 left on base; Nashville 1 - Columbus 4 |
| BOTTOM OF THE 2ND |
|
Columbus Clippers batting - Pitching for Nashville Sounds : RHP Reynaldo Edwards
|
|
Batting: RHB Tristan Dennis
|
0-0: Ball 1-0: Fly out, F8 (Line Drive, 8RD, EV 98.8 MPH)
|
|
Batting: RHB Miguel Trevino
|
0-0: Ball 1-0: Called Strike 1-1: Ball 2-1: Foul Ball, location: 2F 2-2: Ball 3-2: Foul Ball, location: 2F 3-2: Strikes out swinging
|
|
Batting: RHB Jason Savage
|
0-0: Ball 1-0: Ball 2-0: Ball 3-0: Base on Balls
|
|
Batting: LHB Anthony Mosley
|
0-0: Ball 1-0: Called Strike 1-1: Fielders Choice at 2nd, 6-4 (Groundball, 6, EV 91.3 MPH)
|
| Bottom of the 2nd over - 0 runs, 0 hits, 0 errors, 1 left on base; Nashville 1 - Columbus 4 |
| TOP OF THE 3RD |
|
Nashville Sounds batting - Pitching for Columbus Clippers : RHP Ben Cole
|
|
Batting: RHB Robby Godwin
|
0-0: Foul Ball, location: 2F 0-1: Called Strike 0-2: Ground out 5-3 (Groundball, 56S, EV 70.0 MPH)
|
|
Batting: RHB Jorge Bernal
|
0-0: Ball 1-0: Swinging Strike 1-1: Ball 2-1: Ground out 1-3 (Groundball, 34S, EV 69.4 MPH)
|
|
Batting: RHB Chris Stillions
|
0-0: Ball 1-0: Foul Ball, location: 2F 1-1: Called Strike 1-2: Strikes out swinging
|
| Top of the 3rd over - 0 runs, 0 hits, 0 errors, 0 left on base; Nashville 1 - Columbus 4 |
| BOTTOM OF THE 3RD |
|
Columbus Clippers batting - Pitching for Nashville Sounds : RHP Reynaldo Edwards
|
|
Batting: LHB Doug Frampton
|
0-0: Ball 1-0: Called Strike 1-1: Swinging Strike 1-2: Foul Ball, location: 2F 1-2: Ball 2-2: Strikes out swinging
|
|
Batting: RHB Chris Folse
|
0-0: Ball 1-0: Ground out 6-3 (Groundball, 56D, EV 103.1 MPH)
|
|
Batting: RHB Nate Singleton
|
0-0: Ball 1-0: Called Strike 1-1: Ball 2-1: Ball 3-1: Swinging Strike 3-2: Fly out, F4 (Line Drive, 4, EV 68.8 MPH)
|
| Bottom of the 3rd over - 0 runs, 0 hits, 0 errors, 0 left on base; Nashville 1 - Columbus 4 |
| TOP OF THE 4TH |
|
Nashville Sounds batting - Pitching for Columbus Clippers : RHP Ben Cole
|
|
Batting: RHB Javier Garcia
|
0-0: Ball 1-0: Called Strike 1-1: Ball 2-1: SINGLE (Line Drive, 7S, EV 107.5 MPH)
|
|
Batting: RHB Carlos Lopez
|
0-0: Ball 1-0: Called Strike 1-1: Grounds into double play, 5-4-3 (Groundball, 56, EV 88.1 MPH)
|
|
Batting: SHB Quincy Bradford
|
0-0: Called Strike 0-1: SINGLE (Groundball, 4M, EV 106.9 MPH) (infield hit)
|
|
Batting: RHB Eduardo Chavez
|
0-0: Ball 1-0: Called Strike 1-1: Called Strike 1-2: DOUBLE (Line Drive, 9LS, EV 105.0 MPH) Quincy Bradford to third Runner from 3rd tries for Home, throw by RF and OUT! 9-4-2
|
| Top of the 4th over - 0 runs, 3 hits, 0 errors, 1 left on base; Nashville 1 - Columbus 4 |
| BOTTOM OF THE 4TH |
|
Columbus Clippers batting - Pitching for Nashville Sounds : RHP Reynaldo Edwards
|
|
Batting: SHB Danny Simmons
|
0-0: Foul Ball, location: 2F 0-1: Ball 1-1: Called Strike 1-2: Strikes out swinging
|
|
Batting: RHB Rafael Medina
|
0-0: Called Strike 0-1: Ball 1-1: Foul Ball, location: 2F 1-2: DOUBLE (Groundball, 3L, EV 103.1 MPH)
|
|
Pitching: RHP Andrew Yoder
|
|
|
Batting: RHB Tristan Dennis
|
0-0: Called Strike 0-1: Ball 1-1: Ball 2-1: SINGLE (Flyball, 4D, EV 93.8 MPH) Rafael Medina to third
|
|
Batting: RHB Miguel Trevino
|
0-0: Ball 1-0: Called Strike 1-1: Called Strike 1-2: Ball 2-2: Foul Ball, location: 2F 2-2: Foul Ball, location: 2F 2-2: Fly out, F4 (Popup, 4MS, EV 82.5 MPH)
|
|
Batting: RHB Jason Savage
|
0-0: Fly out, F7 (Flyball, 7LS, EV 77.5 MPH)
|
| Bottom of the 4th over - 0 runs, 2 hits, 0 errors, 2 left on base; Nashville 1 - Columbus 4 |
| TOP OF THE 5TH |
|
Nashville Sounds batting - Pitching for Columbus Clippers : RHP Ben Cole
|
|
Batting: SHB Josh Thorpe
|
0-0: Ball 1-0: Ball 2-0: Called Strike 2-1: Ground out 5-3 (Groundball, 56S, EV 81.3 MPH)
|
|
Batting: RHB Dunlang Clark
|
0-0: Called Strike 0-1: Ball 1-1: Called Strike 1-2: Ball 2-2: Fly out, F3 (Line Drive, 3, EV 74.4 MPH)
|
|
Batting: RHB Robby Godwin
|
0-0: Ball 1-0: Called Strike 1-1: DOUBLE (Flyball, 78XD, EV 112.5 MPH)
|
|
Batting: RHB Jorge Bernal
|
0-0: Fly out, F8 (Flyball, 8LXD, EV 93.1 MPH)
|
| Top of the 5th over - 0 runs, 1 hit, 0 errors, 1 left on base; Nashville 1 - Columbus 4 |
| BOTTOM OF THE 5TH |
|
Columbus Clippers batting - Pitching for Nashville Sounds : RHP Andrew Yoder
|
|
Batting: LHB Anthony Mosley
|
0-0: Called Strike 0-1: Foul Ball, location: 2F 0-2: Ball 1-2: Strikes out swinging
|
|
Batting: LHB Doug Frampton
|
0-0: Called Strike 0-1: Foul Ball, location: 2F 0-2: Ball 1-2: Strikes out swinging
|
|
Batting: RHB Chris Folse
|
0-0: Fly out, F8 (Flyball, 8RS, EV 91.9 MPH)
|
| Bottom of the 5th over - 0 runs, 0 hits, 0 errors, 0 left on base; Nashville 1 - Columbus 4 |
| TOP OF THE 6TH |
|
Nashville Sounds batting - Pitching for Columbus Clippers : RHP Ben Cole
|
|
Batting: RHB Chris Stillions
|
0-0: Ball 1-0: Ball 2-0: Ground out 4-3 (Groundball, 4, EV 86.3 MPH)
|
|
Batting: RHB Javier Garcia
|
0-0: Ball 1-0: Called Strike 1-1: Ball 2-1: Ball 3-1: Ground out 5-3 (Groundball, 56, EV 81.3 MPH)
|
|
Batting: RHB Carlos Lopez
|
0-0: Called Strike 0-1: Ground out 5-3 (Groundball, 5, EV 79.4 MPH)
|
| Top of the 6th over - 0 runs, 0 hits, 0 errors, 0 left on base; Nashville 1 - Columbus 4 |
| BOTTOM OF THE 6TH |
|
Columbus Clippers batting - Pitching for Nashville Sounds : RHP Andrew Yoder
|
|
Batting: RHB Nate Singleton
|
0-0: Ball 1-0: Foul Ball, location: 2F 1-1: Fly out, F4 (Popup, 4S, EV 77.5 MPH)
|
|
Batting: SHB Danny Simmons
|
0-0: Ball 1-0: Ball 2-0: Foul Ball, location: 2F 2-1: Ball 3-1: Foul Ball, location: 2F 3-2: Strikes out swinging, 2-3 out at first.
|
|
Batting: RHB Rafael Medina
|
0-0: Swinging Strike 0-1: Foul Ball, location: 2F 0-2: Ball 1-2: Ball 2-2: Foul Ball, location: 2F 2-2: Strikes out swinging
|
| Bottom of the 6th over - 0 runs, 0 hits, 0 errors, 0 left on base; Nashville 1 - Columbus 4 |
| TOP OF THE 7TH |
|
Nashville Sounds batting - Pitching for Columbus Clippers : RHP Ben Cole
|
|
Batting: SHB Quincy Bradford
|
0-0: Foul Ball, location: 2F 0-1: Ball 1-1: Swinging Strike 1-2: Fly out, F9 (Line Drive, 9, EV 98.1 MPH)
|
|
Batting: RHB Eduardo Chavez
|
0-0: Called Strike 0-1: Called Strike 0-2: Foul Ball, location: 2F 0-2: Strikes out looking
|
|
Batting: SHB Josh Thorpe
|
0-0: Ball 1-0: Foul Ball, location: 2F 1-1: Ball 2-1: Bunt for hit to P - play at first, batter safe!
|
|
Batting: RHB Dunlang Clark
|
0-0: Ball 1-0: Ball 2-0: Called Strike 2-1: Ball 3-1: Foul Ball, location: 2F 3-2: DOUBLE (Line Drive, 89D, EV 106.3 MPH) Josh Thorpe to third Josh Thorpe scores
|
|
Batting: RHB Robby Godwin
|
0-0: Foul Ball, location: 2F 0-1: Ball 1-1: SINGLE (Groundball, 6D, EV 105.6 MPH) Dunlang Clark to third Runner from 3rd tries for Home, SAFE, throw by CF to home
|
|
Batting: RHB Jorge Bernal
|
0-0: SINGLE (Flyball, 6MD, EV 89.4 MPH) Robby Godwin to second
|
|
Batting: RHB Chris Stillions
|
0-0: Ball 1-0: Fielders Choice at 2nd, 5-4 (Groundball, 5, EV 85.6 MPH)
|
| Top of the 7th over - 2 runs, 4 hits, 0 errors, 2 left on base; Nashville 3 - Columbus 4 |
| BOTTOM OF THE 7TH |
|
Columbus Clippers batting - Pitching for Nashville Sounds : RHP Andrew Yoder
|
|
Pitching: RHP Gabe Gutierrez
|
|
|
Batting: RHB Tristan Dennis
|
0-0: Ball 1-0: SINGLE (Flyball, 56D, EV 92.5 MPH)
|
|
Batting: RHB Miguel Trevino
|
0-0: Ball 1-0: Fielders Choice at 2nd, 3-6 (Groundball, 3, EV 80.0 MPH)
|
|
Batting: RHB Jason Savage
|
0-0: Fly out, F7 (Line Drive, 7, EV 96.9 MPH)
|
|
Batting: LHB Anthony Mosley
|
0-0: Swinging Strike 0-1: Ball 1-1: Ball 2-1: Ground out 4-3 (Groundball, 34, EV 83.1 MPH)
|
| Bottom of the 7th over - 0 runs, 1 hit, 0 errors, 1 left on base; Nashville 3 - Columbus 4 |
| TOP OF THE 8TH |
|
Nashville Sounds batting - Pitching for Columbus Clippers : RHP Ben Cole
|
|
Batting: RHB Javier Garcia
|
0-0: Foul Ball, location: 2F 0-1: Ball 1-1: Ball 2-1: Ball 3-1: Base on Balls
|
|
Pitching: RHP Danny Murguia
|
|
|
Batting: RHB Carlos Lopez
|
0-0: Ball 1-0: Foul Ball, location: 2F 1-1: Fielders Choice at 2nd, 3-6 (Groundball, 13, EV 86.9 MPH)
|
|
Batting: SHB Quincy Bradford
|
0-0: Called Strike 0-1: Called Strike 0-2: Strikes out looking
|
|
Batting: RHB Eduardo Chavez
|
0-0: Called Strike 0-1: Foul Ball, location: 2F 0-2: Strikes out swinging
|
| Top of the 8th over - 0 runs, 0 hits, 0 errors, 1 left on base; Nashville 3 - Columbus 4 |
| BOTTOM OF THE 8TH |
|
Columbus Clippers batting - Pitching for Nashville Sounds : RHP Gabe Gutierrez
|
|
Batting: LHB Doug Frampton
|
0-0: Fly out, F8 (Flyball, 8LS, EV 81.3 MPH)
|
|
Batting: RHB Chris Folse
|
0-0: Fly out, F9 (Flyball, 89S, EV 90.6 MPH)
|
|
Batting: RHB Nate Singleton
|
0-0: Called Strike 0-1: Ground out 4-3 (Groundball, 4, EV 105.0 MPH)
|
| Bottom of the 8th over - 0 runs, 0 hits, 0 errors, 0 left on base; Nashville 3 - Columbus 4 |
| TOP OF THE 9TH |
|
Nashville Sounds batting - Pitching for Columbus Clippers : RHP Danny Murguia
|
|
Batting: SHB Josh Thorpe
|
0-0: Called Strike 0-1: Ball 1-1: Called Strike 1-2: Foul Ball, location: 2F 1-2: DOUBLE (Line Drive, 3D, EV 101.9 MPH)
|
|
Batting: RHB Dunlang Clark
|
0-0: Called Strike 0-1: Ground out 6-3 (Groundball, 6, EV 83.1 MPH) Josh Thorpe to third
|
|
Batting: RHB Robby Godwin
|
0-0: Called Strike 0-1: Foul Ball, location: 2F 0-2: Ball 1-2: Strikes out swinging
|
|
Batting: RHB Jorge Bernal
|
0-0: Called Strike 0-1: Ball 1-1: SINGLE (Groundball, 4MD, EV 94.4 MPH) Josh Thorpe scores
|
|
Batting: RHB Chris Stillions
|
0-0: Ball Wild Pitch! Jorge Bernal to second 1-0: Ball 2-0: Ground out 6-3 (Groundball, 6M, EV 108.8 MPH)
|
| Top of the 9th over - 1 run, 2 hits, 0 errors, 1 left on base; Nashville 4 - Columbus 4 |
| BOTTOM OF THE 9TH |
|
Columbus Clippers batting - Pitching for Nashville Sounds : RHP Gabe Gutierrez
|
|
Batting: SHB Danny Simmons
|
0-0: Called Strike 0-1: Called Strike 0-2: Ball 1-2: Strikes out swinging
|
|
Pinch Hitting: SHB Jonathan DeFranco
|
0-0: Ball 1-0: Called Strike 1-1: SINGLE (Groundball, 4MD, EV 99.4 MPH)
|
|
Batting: RHB Tristan Dennis
|
0-0: Ball 1-0: DOUBLE (Line Drive, 9LS, EV 109.4 MPH) Jonathan DeFranco to third
|
|
Batting: RHB Miguel Trevino
|
0-0: Called Strike 0-1: Ball 1-1: Foul Ball, location: 2F 1-2: Ball 2-2: Ball 3-2: Base on Balls
|
|
Batting: RHB Jason Savage
|
0-0: Foul Ball, location: 2F 0-1: Ball 1-1: Ball 2-1: Called Strike 2-2: Ball 3-2: Base on Balls Jonathan DeFranco scores Tristan Dennis to third Miguel Trevino to second
|
| Bottom of the 9th over - 1 run, 2 hits, 0 errors, 0 left on base; Nashville 4 - Columbus 5 |
| |
|
Game Over ... Columbus defeats Nashville, 5 to 4
|
|
|